 Dungeon Crawl Stone Soup version 0.22.1-2-g9c5b331383 (webtiles) character file.

3180 Gargoyl the Chopper (level 9, -3/74 HPs)
             Began as a Centaur Abyssal Knight on Nov 21, 2018.
             Was a Priest of Lugonu.
             Slain by a killer bee (6 damage)
             ... on level 8 of the Dungeon.
             The game lasted 00:12:21 (10206 turns).

Gargoyl the Chopper (Centaur Abyssal Knight)       Turns: 10206, Time: 00:12:22

Health: -3/74      AC: 16    Str: 17    XL:     9   Next: 63%
Magic:  13/13      EV:  3    Int: 11    God:    Lugonu [***...]
Gold:   472        SH:  3    Dex: 10    Spells: 8/8 levels left

rFire    . . .     SeeInvis .   k - +1 hand axe (freeze)
rCold    . . .     Gourm    .   v - +0 buckler (curse)
rNeg     . . .     Faith    .   q - +0 plate armour
rPois    .         Spirit   .   (no helmet)
rElec    .         Reflect  .   j - +0 cloak
rCorr    .         Harm     .   l - +1 pair of gloves
MR       .....     Clarity  +   (no barding)
Stlth    ..........             (no amulet)
HPRegen  0.22/turn              (no ring)
MPRegen  0.13/turn              (no ring)

@: lethally poisoned (-3 -> -22), very quick
A: large, hooves 3, molten scales 1, clarity, deformed body, speed 2, screaming
1, tough skin 3, wild magic 1
a: Depart the Abyss, Bend Space, Banish, Renounce Religion


You were on level 8 of the Dungeon.
You worshipped Lugonu.
Lugonu was most pleased with you.
You were not hungry.

You visited 1 branch of the dungeon, and saw 8 of its levels.
You visited the Abyss 1 time.

You collected 472 gold pieces.

Inventory:

Hand Weapons
 a - a +1 hand axe
 k - a +1 hand axe of freezing (weapon)
Missiles
 s - 3 silver tomahawks (quivered)
Armour
 j - a +0 cloak (worn)
 l - a +1 pair of gloves (worn)
 q - a +0 plate armour (worn)
 v - a cursed +0 buckler (worn)
Wands
 b - a wand of random effects (26)
 e - a wand of disintegration (12)
Scrolls
 g - 2 scrolls of teleportation
 n - a scroll of fear
 o - a scroll of blinking
 p - 6 scrolls of magic mapping
 r - 11 scrolls of identify
 u - a scroll of fog
Potions
 d - a potion of brilliance
 m - 3 potions of degeneration
 t - 3 potions of flight
Comestibles
 c - a ration


   Skills:
 + Level 5.5 Fighting
 + Level 6.8 Axes
 + Level 1.0 Throwing
 * Level 6.4 Armour
 + Level 2.4 Dodging
 + Level 0.7 Shields
 * Level 6.1 Invocations


You had 8 spell levels left.
You didn't know any spells.
Your spell library contained the following spells:

 Spells                   Type           Power        Failure   Level  Hunger
 Animate Skeleton         Necr           N/A          100%        1    ##.....
 Apportation              Tloc           #.....       100%        1    ##.....
 Confusing Touch          Hex            #.....       100%        1    ##.....
 Summon Small Mammal      Summ           #...         100%        1    ##.....


Dungeon Overview and Level Annotations

Branches:
Dungeon (8/15)             Temple (0/1) D:7
   Lair: D:8-11

Altars:
Fedhas
Kikubaaqudgha
Nemelex Xobeh
Okawaru
Wu Jian


Innate Abilities, Weirdness & Mutations

You have hooves in place of feet.
Armour fits poorly on your strangely shaped body.
You cover ground very quickly.
You have extremely tough skin. (AC +3)
You are partially covered in molten scales. (AC +2)
You possess an exceptional clarity of mind.
You occasionally shout uncontrollably at your foes.
Your spells are a little harder to cast, but a little more powerful.


Message History

The killer bee barely misses you.
Unknown command.
Unknown command.
You hit the killer bee. You freeze the killer bee.
The killer bee is almost dead.
You hit the killer bee but do no damage.
You closely miss the killer bee.
* * * LOW HITPOINT WARNING * * *
You feel very sick.
The killer bee stings you but does no damage. x2
You block the killer bee's attack.
The killer bee stings you but does no damage. x2
The killer bee barely misses you.
You miss the killer bee.
The killer bee is almost dead.
You hit the killer bee. You freeze the killer bee.
Your plate armour prevents you from hitting the killer bee.
* * * LOW HITPOINT WARNING * * *
You feel sick. The killer bee stings you.
You die...

#################################
...............y@........#......#
.........[.....y.y.......#......#
........##..######..#######.....#
........##..######..###..##.....#
................(...'.....'.....#
......(.......)†#...#....##.....#
......(.........#...#....##.....#
......(.........#...#...........#
.....)()........#...#...........#


You could see 3 killer bees.

Vanquished Creatures
  A hippogriff (D:8)
  A hungry ghost (D:7)
  A black bear (D:8)
  A phantom (D:4)
  2 ice beasts (D:6)
  2 sky beasts
  A centaur (D:8)
  An ogre (D:7)
  A big kobold (D:8)
  5 bullfrogs
  A wyvern skeleton (D:5)
  A scorpion (D:4)
  4 wights (D:7)
  3 howler monkeys (D:6)
  2 crimson imps
  3 orc priests
  A bullfrog skeleton (D:5)
  8 orc wizards
  2 iguanas (D:5)
  7 worker ants
  5 adders
  3 gnolls (D:5)
  3 shadow imps
  An ooze (D:1)
  An adder skeleton (D:4)
  An adder zombie (D:8)
  5 worms
  A dart slug (D:2)
  5 leopard geckos
  24 orcs
  6 bats
  A bat zombie (D:6)
  4 giant cockroaches
  7 goblins
  9 hobgoblins
  18 jackals
  5 quokkas
  A ball python (D:2)
  5 frilled lizards
  15 kobolds
  12 rats
  3 rat zombies (D:6)
183 creatures vanquished.

Vanquished Creatures (others)
  The ghost of Elric the Skirmisher, a novice DsFi of Uskayaw (D:5)
  3 hungry ghosts
  2 killer bees (D:7)
  An orc priest (D:8)
7 creatures vanquished.

Grand Total: 190 creatures vanquished

Notes
Turn   | Place    | Note
-------+----------+-------------------------------------------
     0 | Abyss:1  | Gargoyl the Centaur Abyssal Knight began the quest for the
                  | Orb.
     0 | Abyss:1  | Reached XP level 1. HP: 19/19 MP: 2/2
    42 | Abyss:1  | Gained mutation: You occasionally shout uncontrollably at
                  | your foes. [potion of mutation]
    42 | Abyss:1  | Gained mutation: You are partially covered in molten
                  | scales. (AC +2) [potion of mutation]
    42 | Abyss:1  | Gained mutation: Your spells are a little harder to cast,
                  | but a little more powerful. [potion of mutation]
    42 | Abyss:1  | Gained mutation: You possess an exceptional clarity of
                  | mind. [potion of mutation]
    44 | Abyss:1  | Noticed a hungry ghost
    66 | Abyss:1  | Noticed a raiju
    67 | D:1      | Escaped the Abyss
   337 | D:1      | Reached * piety under Lugonu
   353 | D:1      | Reached XP level 2. HP: 25/26 MP: 3/3
  1361 | D:2      | Reached XP level 3. HP: 30/31 MP: 4/4
  1836 | D:2      | Reached skill level 1 in Dodging
  1911 | D:2      | Reached XP level 4. HP: 27/38 MP: 5/5
  1913 | D:2      | Reached ** piety under Lugonu
  2159 | D:2      | Found an iron altar of Okawaru.
  3356 | D:3      | Reached XP level 5. HP: 13/45 MP: 7/7
  3699 | D:3      | Reached *** piety under Lugonu
  3962 | D:4      | Noticed a phantom
  4015 | D:4      | Killed a phantom
  4015 | D:4      | Reached XP level 6. HP: 19/52 MP: 8/8
  4722 | D:5      | Entered Level 5 of the Dungeon
  5049 | D:5      | Reached XP level 7. HP: 19/58 MP: 9/9
  5942 | D:5      | Found a large runed door.
  5942 | D:5      | Found a large runed door.
  5943 | D:5      | Noticed Elric's ghost (novice DsFi)
  6371 | D:5      | Found an ornate altar of the Wu Jian Council.
  6688 | D:5      | Reached **** piety under Lugonu
  6913 | D:5      | Banished Elric's ghost
  6913 | D:5      | Reached skill level 5 in Axes
  6913 | D:5      | Reached XP level 8. HP: 26/67 MP: 11/11
  7479 | D:6      | Found an ancient bone altar of Kikubaaqudgha.
  7598 | D:6      | Reached skill level 5 in Invocations
  7706 | D:6      | Found a sparkling altar of Nemelex Xobeh.
  8245 | D:7      | Found a staircase to the Ecumenical Temple.
  8262 | D:7      | Reached skill level 5 in Armour
  9027 | D:7      | Reached XP level 9. HP: 54/73 MP: 13/13
  9162 | D:7      | Reached skill level 5 in Fighting
  9438 | D:8      | Found a blossoming altar of Fedhas.
  9902 | D:7      | Reached skill level 1 in Throwing
 10206 | D:8      | HP: 3/74 [poisoned by a killer bee]
 10206 | D:8      | Slain by a killer bee

Skill      XL: |  1  2  3  4  5  6  7  8  9 |
---------------+----------------------------+-----
Axes           | 2 3 4 5 6 |  6.8
Armour         | 2 3 4 5 6 |  6.4
Dodging        | 1 2 |  2.4
Invocations    | 3 4 5 6 |  6.1
Fighting       | 4 5 |  5.5
Throwing       | 1 |  1.0
Shields        | |  0.7

Action                   |  1- 3 |  4- 6 |  7- 9 || total
-------------------------+-------+-------+-------++-------
Melee: Hand axe          |    98 |   207 |   399 ||   704
       Kick              |    13 |    38 |    87 ||   138
Throw: Tomahawk          |       |       |     6 ||     6
Invok: Depart the Abyss  |     1 |       |       ||     1
       Banish            |       |       |     7 ||     7
  Use: Potion            |     2 |     1 |     9 ||    12
       Scroll            |     1 |     7 |     3 ||    11
  Eat: Chunk             |     2 |     8 |     9 ||    19
       Ration            |       |       |    11 ||    11
Armor: Ring mail         |    69 |   131 |    95 ||   295
       Leather armour    |    17 |       |       ||    17
       Skin              |       |       |     9 ||     9
       Plate armour      |       |       |   302 ||   302
Dodge: Dodged            |    69 |    92 |   116 ||   277
Block: Buckler           |       |       |    54 ||    54
